 Dungeon Crawl Stone Soup version 0.32-a0-17-gb74e046682 (webtiles) character file.

Game seed: 16939883378850360631

457351 indigowater the Slayer (level 23, -20/229 HPs)
             Began as a Minotaur Berserker on Jan 13, 2024.
             Was an Elder of Trog.
             Demolished by a ghost moth (31 damage)
             ... spawned from a protean progenitor
             ... on level 2 of the Realm of Zot on Jan 16, 2024.
             The game lasted 08:36:34 (76581 turns).

indigowater the Slayer (Minotaur Berserker)        Turns: 76581, Time: 08:36:35

Health: -20/229    AC: 29    Str: 33 (37) XL:     23   Next: 1%
Magic:  0/22       EV: 13    Int:  7 (8)  God:    Trog [****..]
Gold:   3888       SH: 23    Dex: 10 (14) Spells: 22/22 levels left

rFire   + + .        P - +3 broad axe (spect)
rCold   + + .        u - +0 tower shield
rNeg    + + +        f - +4 plate armour {rN+}
rPois   +            m - +0 hat of Rydasa {Harm rElec rPois}
rElec   +            H - scarf of Zyffa {harm, Regen+ rCorr}
rCorr   +            M - +2 pair of gloves {hurl}
SInv    .            y - +2 pair of boots
Will    +....        T - amulet "Ygeisy" {Reflect Dex+2 SH+5} Stlth
                     S - ring of Gehan {rF- rN+++ Str+6 Int+4}
HPRegen 1.38/turn    F - ring "Kust" {rF+++ rC++ rN+ rCorr}
MPRegen 0.18/turn

%: harm (+45% outgoing, +30% incoming), reflection
@: on berserk cooldown, slowed, very slow
A: horns 2, retaliatory headbutt, deterioration 1
}: 3/15 runes: barnacled, silver, gossamer
a: Renounce Religion, Berserk, Trog's Hand, Brothers in Arms


You were on level 2 of the Realm of Zot.
You worshipped Trog.
Trog was greatly pleased with you.
You visited 8 branches of the dungeon, and saw 41 of its levels.

You collected 4987 gold pieces.
You spent 1099 gold pieces at shops.


Innate Abilities, Weirdness & Mutations

You have a pair of horns on your head.
You reflexively headbutt those who attack you in melee.
Your body sometimes deteriorates upon taking damage.


   Skills:
 * Level 24.2 Fighting
 * Level 22.4(22.6) Axes
 - Level 5.7(15.8) Polearms
 + Level 15.5 Throwing
 + Level 18.2 Armour
 + Level 16.5 Dodging
 + Level 16.7 Shields
 + Level 13.5 Evocations


You had 22 spell levels left.
You didn't know any spells.
Your spell library contained the following spells:

 Spells                   Type           Power      Damage    Failure   Level
 Ensorcelled Hibernation  Hex/Ice        0%         N/A       99%         2
 Passwall                 Erth           0%         N/A       100%        3
 Swiftness                Air            0%         N/A       100%        3

Inventory:

Hand Weapons
 d - a +3 vampiric war axe
   (You took it off a vault warden on level 2 of the Vaults)
 i - the +5 glaive of the Guard {elec, spectral}
   (You found it on level 4 of the Spider Nest)
 P - a +3 spectral broad axe (weapon)
   (You took it off a hell knight on level 1 of the Depths)
 Q - a +5 demon trident of freezing
   (You took it off a merfolk impaler on level 4 of the Shoals)
 U - a +9 war axe of freezing
   (You took it off a wight on level 8 of the Dungeon)
Missiles
 e - 12 boomerangs (quivered)
 h - 10 atropa-tipped darts
 x - 4 throwing nets {=f!f}
Armour
 f - a +4 plate armour of positive energy (worn)
   (You took it off an orc warrior on level 2 of the Orcish Mines)
 m - the +0 hat of Rydasa (worn) {Harm rElec rPois}
   (You found it on level 3 of the Dungeon)

   rElec:     It insulates you from electricity.
   rPois:     It protects you from poison Harm: It increases damage dealt and
   taken.
 u - a +0 tower shield (worn)
   (You took it off a draconian knight on level 1 of the Realm of Zot)
 y - a +2 pair of boots (worn)
   (You found it on level 5 of the Dungeon)
 H - the scarf of Zyffa (worn) {harm, Regen+ rCorr}
   (You found it on level 4 of the Depths)

   Regen+:    It increases your rate of health regeneration.
   rCorr:     It protects you from acid and corrosion.
 M - a +2 pair of gloves of hurling (worn)
   (You found it on level 4 of the Dungeon)
Jewellery
 A - an amulet of the acrobat
   (You found it on level 5 of the Lair of Beasts)
 F - the ring "Kust" (right hand) {rF+++ rC++ rN+ rCorr}
   (You found it on level 1 of the Depths)

   [ring of positive energy]

   rF+++:     It renders you almost immune to fire.
   rC++:      It greatly protects you from cold.
   rN+:       It protects you from negative energy.
   rCorr:     It protects you from acid and corrosion.
 R - the ring of Zemof {rC+ rN+ Int-4 SInv}
   (You found it on level 1 of the Depths)

   [ring of see invisible]

   Int-4:     It affects your intelligence (-4).
   rC+:       It protects you from cold.
   rN+:       It protects you from negative energy.
   SInv:      It lets you see invisible.
 S - the ring of Gehan (left hand) {rF- rN+++ Str+6 Int+4}
   (You took it off a vault warden on level 5 of the Vaults)

   [ring of strength]

   Str+6:     It affects your strength (+6).
   Int+4:     It affects your intelligence (+4).
   rF-:       It makes you vulnerable to fire.
   rN+++:     It renders you almost immune to negative energy.
 T - the amulet "Ygeisy" (around neck) {Reflect Dex+2 SH+5}
   (You found it on level 5 of the Vaults)

   [amulet of reflection]

   Reflect:   It reflects blocked missile attacks.
   Dex+2:     It affects your dexterity (+2).
   SH+5:      It affects your SH (+5).
Wands
 n - a wand of iceblast (24)
   (You found it on level 3 of the Dungeon)
 q - a wand of polymorph (36)
   (You took it off Robin on level 3 of the Dungeon)
 s - a wand of charming (26)
   (You found it on level 8 of the Dungeon)
 B - a wand of flame (73)
   (You found it on level 5 of the Lair of Beasts)
 J - a wand of light (27)
   (You took it off Maurice on level 7 of the Dungeon)
 O - a wand of mindburst (14)
   (You found it on level 1 of the Depths)
Scrolls
 a - 12 scrolls of teleportation {@r4}
 b - 6 scrolls of fear
 o - 3 scrolls of brand weapon
 v - a scroll of revelation
 z - 8 scrolls of vulnerability {!r!r}
 D - a scroll of torment {!r}
 E - 5 scrolls of identify {@r1}
 G - 7 scrolls of immolation {!r!r}
 V - 5 scrolls of fog
 X - a scroll of silence {!r}
Potions
 c - 5 potions of enlightenment
 g - 7 potions of haste {@q3}
 j - 3 potions of ambrosia
 k - 8 potions of attraction {!q}
 l - 2 potions of resistance
 p - 3 potions of cancellation
 r - 2 potions of invisibility
 t - 8 potions of curing {@q1}
 w - 10 potions of mutation {!q}
 C - a potion of heal wounds {@q2}
 I - a potion of berserk rage {!q}
 K - 5 potions of might
 N - 8 potions of lignification {!q}
Miscellaneous
 L - a condenser vane (inert)
   (You found it on level 4 of the Shoals)
 W - a box of beasts (inert)
   (You found it on level 13 of the Dungeon)
 Y - a phial of floods (inert)
   (You bought it in a shop on level 2 of the Orcish Mines)
 Z - a phantom mirror
   (You found it on level 12 of the Dungeon)

Dungeon Overview and Level Annotations

Branches:
Dungeon (15/15) Zot: 22794  Temple (0/1) D:4            Lair (5/5) D:8 Zot: 18842
 Shoals (4/4) Lair:2 Zot: 15777  Spider (4/4) Lair:3 Zot: 16377     Orc (2/2) D:9 Zot: 9595
    Elf (0/3) Orc:2        Vaults (5/5) D:13 Zot: 17889   Crypt (0/3) Vaults:2
 Depths (4/4) D:15 Zot: 11794     Zot (2/5) Depths:4 Zot: 8845
  Slime: Lair:4-5

Altars:
Cheibriados
Dithmenos
Fedhas
Gozag
Hepliaklqana
Kikubaaqudgha
Okawaru
Ru
Sif Muna
Trog
Uskayaw
Wu Jian
Xom
Yredelemnul
Lugonu

Shops:
D:5 [   D:10 ?[(   D:11 *?   Orc:2 *=[*   Vaults:3 [   Vaults:4 =   Depths:2 *

Portals:
Hell: Depths:1 Depths:2 Depths:3 Depths:4
Abyss: Shoals:3 Depths:1 Depths:2 Depths:3
Pandemonium: Depths:2 Depths:3
Ziggurat: Depths:4
Trove: D:15 (give +6 demon trident)

Annotations:
Lair:5 exclusion: 3 oklob plants
Shoals:3 Roxanne
Depths:1 2 transporters, Oxzi's ghost, adept DEHW

.............#
.............#
.............##
..............#
.....#........##
.....#.........##
.....#........§§#
....##......(.#{###
....##........##@§#*
...###........##§#§#
...###.......###§#*#
######......<# #.#
><####....#..# #.#
######...##..# #.#
.#####...##..#####
....#.....#..##.#
..............#.#


There were no monsters in sight!


Message History

You feel you are being watched by something.
You feel your power leaking away. 😕 HP[+1] MP[-18]
You lost 18 mp, and now have 4/22 mp.
You feel you are being watched by something.
You feel your power leaking away. 😕 HP[+2] MP[-4]
You regained 2 hp, and now have 184/229 hp.
You lost 4 mp, and now have 0/22 mp.
Something hits you!
You feel dopey.
Deactivating autopickup; reactivate with Ctrl-A.
Something hits you but does no damage.
Something stings you but does no damage.
You block something's attack. Something hits you.
You feel clumsy. Something stings you!
You feel weakened. 😮 HP[-33]
You take 33 damage, and now have 151/229 hp.
A red film seems to cover your vision as you go berserk!
You feel yourself moving faster!
You feel mighty!
You feel you are being watched by something.
Something hits you! x2
You feel weakened.
Something completely misses you. 😮 HP[+43]
You now have 343 max hp (+114).
You regained 43 hp, and now have 194/343 hp.
You feel a strong urge to attack something.
You feel you are being watched by something.
Something hits you. Something hits you but does no damage.
Something barely misses you.
You feel you are being watched by something.
Something hits you! You block something's attack. Something stings you!
* * * LOW HITPOINT WARNING * * *
You feel clumsy. 😨 HP[-30]
You take 30 damage, and now have 164/343 hp.
Something hits you but does no damage. Something hits you!
* * * LOW HITPOINT WARNING * * *
You feel clumsy. Something stings you!
* * * LOW HITPOINT WARNING * * *
😨 HP[-25]
You take 25 damage, and now have 139/343 hp.
You feel your anger nearly subside. You block something's attack.
Something hits you.
* * * LOW HITPOINT WARNING * * *
Something stings you!
* * * LOW HITPOINT WARNING * * *
😨 HP[-22]
You take 22 damage, and now have 117/343 hp.
You are no longer berserk.
You are exhausted.
You feel yourself slow down. Something hits you but does no damage.
Something hits you.
* * * LOW HITPOINT WARNING * * *
Something stings you but does no damage. 😨 HP[-45] MP[+1]
You now have 229 max hp (-114).
You feel you are being watched by something.
You feel your power leaking away.
Something hits you but does no damage. x2; You block something's attack.
You feel you are being watched by something.
Something hits you!!
* * * LOW HITPOINT WARNING * * *
You feel weakened. Something hits you.
* * * LOW HITPOINT WARNING * * *
Something stings you!
* * * LOW HITPOINT WARNING * * *
😱 HP[-31] MP[-1]
You take 31 damage, and now have 41/229 hp.
You lost 1 mp, and now have 0/22 mp.
Okay, then.
As you read the scroll of fog, it dissolves into smoke.
You feel you are being watched by something.
You block something's attack. Something hits you.
* * * LOW HITPOINT WARNING * * *
You feel weakened. Something stings you!
* * * LOW HITPOINT WARNING * * *
You feel you are being watched by something.
Something hits you!
* * * LOW HITPOINT WARNING * * *
You block something's attack.
Something stings you but does no damage. 😱 HP[-38]
You take 38 damage, and now have 3/229 hp.
Okay, then.
You feel much better. Something hits you but does no damage.
Something hits you!
* * * LOW HITPOINT WARNING * * *
Something stings you but does no damage.
You feel you are being watched by something.
You block something's attack. x2; Something stings you.
* * * LOW HITPOINT WARNING * * *
Something hits you!!
You die...

Skill      XL: |  1  2  3  4  5  6  7  8  9 10 11 12 13 14 15 16 17 18 19 20 21 22 |
---------------+-------------------------------------------------------------------+-----
Fighting       | 4 5 6 7 9 10 11 13 14 15 16 17 19 20 21 22 23 24 | 24.2
Axes           | 4 5 6 7 9 10 11 13 14 15 16 18 19 20 21 22 | 22.4
Armour         | 3 4 5 6 7 8 9 10 11 12 13 14 15 16 17 18 | 18.2
Throwing       | 1 2 3 4 5 6 7 8 9 10 11 12 13 14 15 | 15.5
Dodging        | 3 4 5 6 7 8 9 10 11 12 13 14 15 16 | 16.5
Evocations     | 2 3 4 5 6 7 8 9 10 11 12 13 | 13.5
Shields        | 1 3 5 6 8 9 10 11 12 13 14 15 16 | 16.7
Polearms       | 3 5 |  5.7

Action                     |  1- 3 |  4- 6 |  7- 9 | 10-12 | 13-15 | 16-18 | 19-21 | 22-24 || total
---------------------------+-------+-------+-------+-------+-------+-------+-------+-------++-------
  Melee: Hand axe          |    51 |    94 |     7 |       |       |       |       |       ||   152
         Headbutt          |     8 |     7 |    40 |    95 |   173 |   176 |   294 |    91 ||   884
         War axe           |       |       |   206 |   352 |   824 |   840 |   254 |       ||  2476
         Punch             |       |       |     1 |       |       |       |       |       ||     1
         Broad axe         |       |       |       |       |       |       |   751 |   270 ||  1021
   Fire: Sling             |       |       |       |     4 |       |       |       |       ||     4
  Throw: Javelin           |     1 |    20 |    30 |    28 |    31 |    20 |       |       ||   130
         Dart              |       |     6 |     5 |    14 |   168 |   132 |    62 |       ||   387
         Stone             |       |     1 |     4 |       |       |       |       |       ||     5
         Throwing net      |       |       |     1 |     1 |     5 |       |     1 |       ||     8
         Boomerang         |       |       |       |    39 |    42 |    45 |    62 |    46 ||   234
 Invoke: Berserk           |     3 |     7 |    15 |    19 |    35 |    55 |    47 |    11 ||   192
         Trog's Hand       |       |     5 |     6 |    14 |    26 |    28 |    39 |    10 ||   128
         Brothers in Arms  |       |       |       |       |     7 |    12 |     9 |     4 ||    32
  Evoke: Wand              |       |       |     6 |     4 |     8 |    15 |     8 |       ||    41
         Phantom mirror    |       |       |       |       |     3 |     4 |     3 |     2 ||    12
         Box of beasts     |       |       |       |       |     2 |     5 |     1 |     1 ||     9
         Condenser vane    |       |       |       |       |       |     7 |     2 |     1 ||    10
         Phial of floods   |       |       |       |       |       |     2 |     3 |     1 ||     6
    Use: Scroll            |     4 |     4 |     5 |     9 |    18 |     9 |     9 |     5 ||    63
         Potion            |       |       |       |       |     1 |     5 |     7 |     3 ||    16
   Stab: Distracted        |       |       |       |       |     1 |     3 |    12 |     3 ||    19
         Invisible         |       |       |       |       |     1 |     1 |       |       ||     2
         Held in net/web   |       |       |       |       |     1 |       |     1 |       ||     2
 Armour: Animal skin       |    16 |       |       |       |       |       |       |       ||    16
         Plate armour      |    20 |    98 |   182 |   171 |   170 |   501 |   454 |   170 ||  1766
         Chain mail        |       |       |       |       |   202 |       |       |       ||   202
         Quicksilver drago |       |       |       |       |    31 |       |       |       ||    31
  Dodge: Dodged            |    21 |    30 |    75 |    60 |   291 |   342 |   282 |    97 ||  1198
         Repelled          |       |       |       |       |       |     1 |    10 |       ||    11
  Block: Other             |     6 |    17 |    21 |       |       |       |       |       ||    44
         Reflection        |       |     1 |     2 |     6 |     3 |       |       |       ||    12
         Kite shield       |       |       |    95 |   199 |   569 |   674 |   508 |   177 ||  2222
         Tower shield      |       |       |       |       |       |       |       |    17 ||    17

Levels and vault maps discovered:
D:1:      minmay_arrival_five_plusses, layout_rooms
D:2:      layout_basic, minmay_misc_feat_rows
D:3:      layout_loops_ring, hellmonk_sif_muna_bookshelves, trog_butcher_becter,
          uniq_jessica, uniq_robin
D:4:      layout_loops_corners, minmay_temple_entry_enclosed_plants,
          nicolae_concentric_dashed_squares_mild, minivault_4
D:5:      lemuel_castle_with_subvaults [lemuel_castle_interior_carwin_1],
          layout_cave_pools, kb_xom_exploding_sheep, serial_column_ruins,
          column_ruins_square_small, column_ruins_columns_corner,
          column_ruins_corridor_dead_end, column_ruins_open_tiny,
          column_ruins_open_large, serial_shops, nicolae_stop_n_shop_1,
          uniq_ijyb
D:6:      layout_cave_pools, fedhas_altar_4
D:7:      layout_loops_ring, uniq_maurice, uniq_jeremiah,
          uniq_crazy_yiuf_cottage
D:8:      layout_loops_ring, mainiacjoe_overflow_alcove_4,
          mainiacjoe_overflow_surrounded_room, erik_lair_orcish_takeover
D:9:      layout_irregular_city, david_orc_3, serial_bayou,
          serial_bayou_shore_b, serial_bayou_pond_d, serial_bayou_pond_b
D:10:     layout_stronghold, overflow_temple_1_default,
          nicolae_shop_distant_corner_stores
D:11:     layout_irregular_city, serial_shops, nicolae_shop_hallway_plus,
          nicolae_shop_clearance
D:12:     layout_grid_maze, minivault_26, fungi_pond_lemuel, nrook_campfire
D:13:     layout_loops_ring, grunt_vaults_entry_tiered,
          nicolae_gozag_cash_rules_everything_around_me
D:14:     layout_grid_maze, minmay_misc_feat_tower
D:15:     gammafunk_depths_entry_grave, layout_basic, enter_trove_6,
          chequers_serial_rivers_small_3, hangedman_decor_growths
Lair:1:   layout_regular_city, nzn_masters_of_martial_movement
Lair:2:   layout_chaotic_city, minmay_shoals_entry_beasts,
          grunt_forest_small_clearings, serial_bayou_pond_b
Lair:3:   layout_regular_city, nicolae_spider_entry_orb_guardian
Lair:4:   beast_lair_carwin_large_2, layout_regular_city, minivault_24,
          gammafunk_lair_bear_cave, grunt_megastairs_5
Lair:5:   minmay_lair_end_frog_pond, layout_cave_pods,
          minmay_slime_entry_oklob_enclosed, infiniplex_staircase_pool_2,
          uniq_nessos
Shoals:1: layout_shoals, portal_ice_cave_entry_pillars_1
Shoals:2: layout_shoals
Shoals:3: layout_shoals, nicolae_shoals_abyss_on_the_beach, uniq_roxanne
Shoals:4: shoals_end_grunt_ice, layout_shoals
Spider:1: layout_cave_pods
Spider:2: layout_spider_delve, nicolae_looking_at_the_future
Spider:3: layout_cave_pods, hangedman_spider_tarantella_strand, uniq_azrael
Spider:4: grunt_spider_rune_circles
Orc:1:    layout_caves, serial_shops, shop, uniq_erica
Orc:2:    grunt_orc_tribal_feast, layout_caves, gammafunk_ghost_fury_of_okawaru
Vaults:1: nicolae_vaults_angled_halls, v_misc_1,
          nicolae_vaults_storage_room_water, nicolae_vaults_network_star,
          vaults_dpeg_ring, nicolae_vaults_turnstiles,
          nicolae_vaults_quartermaster, nicolae_vaults_variable_pillar_hall,
          nicolae_vaults_little_squares_1, nicolae_vaults_steering_wheel,
          nicolae_vaults_tangram_2, layout_vaults_omnibox
Vaults:2: vaults_mumra_hex, vaults_dpeg_encased_lava, v_misc_33, v_misc_14,
          nicolae_vaults_stepped_doors, hangedman_vaults_restitches,
          nicolae_vaults_more_shelving_2, vaults_room_ringed_pool,
          ontoclasm_vaults_tryst, minmay_crypt_entry_necro_gods, v_pattern_1,
          layout_vaults_maze_snakey
Vaults:3: nicolae_vaults_tetromino_L_1, not_door_vault_mu, v_misc_9,
          nicolae_vaults_closet_pinwheel_4, v_misc_15, nicolae_vaults_asterisk,
          nicolae_vaults_surprise_closet, nicolae_vaults_little_squares_6,
          vaults_room_grid, nicolae_vaults_surprise_closet_hard,
          layout_vaults_omnicross, serial_shops, nicolae_shop_advertising_works
          [nicolae_subvault_shop_adworks]
Vaults:4: nicolae_vaults_bisected_inception, nicolae_vaults_theta,
          nicolae_vaults_tetromino_Z_1, nicolae_vaults_doubleplus_tesselated,
          nicolae_vaults_diamond_1, nicolae_vaults_house_1,
          vaults_standard_mumra_x, nicolae_vaults_diagonal_hallway_9,
          nicolae_vaults_diamond_1, layout_vaults_big_room, serial_shops,
          nicolae_shop_pleasant_corner_grove
Vaults:5: serial_shops, uniq_jory
Depths:1: layout_small_grid, pf_hell_entry_great_geh, gammafunk_ghost_arena,
          abyss_entry, serial_bayou_pond_c, minmay_misc_feat_encased,
          minmay_misc_feat_more_columns, roderic_nine_men_s_morris,
          minmay_fire_ice_demons, serial_bayou_shore_b
Depths:2: bobbens_index_wilting_gardens, layout_cross, nicolae_the_louvre,
          serial_shops, shop, rand_demon_pan_entry_5, abyss_entry, hell_entry,
          dk_noncrumbling_3, serial_bayou_shore_b,
          infiniplex_staircase_pillars_3b
Depths:3: dreamdust_experimentation, layout_honeycomb,
          nicolae_hell_entry_hellmouth_sunbeams, grunt_pan_entry_spiral,
          abyss_entry, lemuel_statue_altar, nicolae_hepliaklqana_hippocampus,
          uniq_mara
Depths:4: evilmike_zot_entry_hall, layout_gridlike, enter_ziggurat_d,
          pf_hell_entry_tar_spiral, lemuel_round_altar, uniq_josephina
Zot:1:    layout_gridlike, regret_index_zotdec_ceiling_fans, uniq_grunn
Zot:2:    grunt_zot_stairs_mandelzot, layout_cathedral_of_symmetry,
          regret_index_zotdec_serpentine_coiled, lemuel_elevator

Notes
Turn   | Place    | Note
-------+----------+-------------------------------------------
     0 | D:1      | indigowater the Minotaur Berserker began the quest for the
                  | Orb.
     0 | D:1      | Reached XP level 1. HP: 19/19 MP: 0/0
     0 | D:1      | magus.rc [v1.11.7]
    91 | D:1      | Reached XP level 2. HP: 10/27 MP: 1/1
   191 | D:1      | Reached skill level 4 in Fighting
   203 | D:1      | Reached skill level 4 in Axes
   203 | D:1      | Reached skill level 3 in Armour
   463 | D:1      | Reached XP level 3. HP: 33/33 MP: 2/2
   778 | D:2      | You add the spells Ensorcelled Hibernation, Swiftness and
                  | Passwall to your library.
  1025 | D:2      | Reached XP level 4. HP: 41/41 MP: 3/3
  1209 | D:2      | Reached ** piety under Trog
  1589 | D:3      | Identified the +0 hat of Rydasa {Harm rElec rPois}
  1791 | D:3      | Noticed Robin
  1797 | D:3      | Killed Robin
  2252 | D:3      | Found a bloodstained altar of Trog.
  2487 | D:3      | Noticed Jessica
  2492 | D:3      | Killed Jessica
  2493 | D:3      | Reached XP level 5. HP: 47/47 MP: 4/4
  2537 | D:3      | Found a shimmering blue altar of Sif Muna.
  2743 | D:4      | Noticed an ogre
  2748 | D:4      | Killed an ogre
  2749 | D:4      | Reached skill level 5 in Fighting
  2749 | D:4      | Reached skill level 5 in Axes
  2749 | D:4      | Reached skill level 1 in Throwing
  2749 | D:4      | Reached skill level 4 in Armour
  2749 | D:4      | Reached skill level 3 in Dodging
  2811 | D:4      | Reached XP level 6. HP: 56/56 MP: 5/5
  2904 | D:4      | Found a staircase to the Ecumenical Temple.
  3296 | D:4      | Reached skill level 2 in Throwing
  3817 | D:5      | Entered Level 5 of the Dungeon
  3817 | D:5      | Found Sinompuz's Armour Shop.
  3945 | D:4      | Reached XP level 7. HP: 54/62 MP: 6/6
  4029 | D:5      | Reached skill level 5 in Armour
  4137 | D:5      | Reached skill level 6 in Fighting
  4137 | D:5      | Reached skill level 4 in Dodging
  4175 | D:5      | Reached skill level 6 in Axes
  4175 | D:5      | Reached skill level 3 in Throwing
  4266 | D:5      | Noticed a dream sheep
  4266 | D:5      | Noticed a dream sheep
  4266 | D:5      | Noticed a dream sheep
  4266 | D:5      | Noticed a dream sheep
  4266 | D:5      | Noticed a dream sheep
  4266 | D:5      | Found a shimmering altar of Xom.
  4268 | D:5      | Killed a dream sheep
  4268 | D:5      | Killed a dream sheep
  4268 | D:5      | Killed a dream sheep
  4268 | D:5      | Killed a dream sheep
  4268 | D:5      | Killed a dream sheep
  4339 | D:5      | Noticed Ijyb
  4350 | D:5      | Killed Ijyb
  4567 | D:5      | Identified the +8 quarterstaff of Dakk {venom, rElec rCorr
                  | Str-5}
  4823 | D:5      | Reached XP level 8. HP: 54/71 MP: 7/7
  5277 | D:5      | Reached skill level 1 in Evocations
  5363 | D:5      | Identified the +2 helmet "Enotar" {Rampage Str+3}
  5467 | D:6      | Reached skill level 7 in Fighting
  5467 | D:6      | Reached skill level 7 in Axes
  5468 | D:6      | Reached skill level 6 in Armour
  5469 | D:6      | Reached *** piety under Trog
  5544 | D:6      | Reached skill level 5 in Dodging
  5551 | D:6      | Reached skill level 4 in Throwing
  6447 | D:6      | Found a blossoming altar of Fedhas.
  6652 | D:7      | Reached skill level 2 in Evocations
  6814 | D:7      | Reached XP level 9. HP: 78/81 MP: 8/8
  6923 | D:7      | Noticed Maurice
  6930 | D:7      | Something stole 5 throwing nets {=f!f}
  6935 | D:7      | Something stole 351 gold
  6939 | D:7      | Something stole an amulet of guardian spirit
  6940 | D:7      | Killed Maurice
  6941 | D:7      | Reached skill level 8 in Fighting
  6941 | D:7      | Reached skill level 8 in Axes
  6941 | D:7      | Noticed Jeremiah
  6949 | D:7      | Identified the +2 leather armour "Qenah" {rN+}
  6958 | D:7      | Killed Jeremiah
  7188 | D:7      | Reached skill level 7 in Armour
  7198 | D:7      | Reached skill level 3 in Evocations
  7210 | D:7      | Reached skill level 9 in Fighting
  7210 | D:7      | Reached skill level 9 in Axes
  7495 | D:7      | Found a runed translucent door.
  7496 | D:7      | Noticed Crazy Yiuf
  7501 | D:7      | Killed Crazy Yiuf
  7543 | D:7      | Reached skill level 5 in Throwing
  7543 | D:7      | Reached skill level 6 in Dodging
  7682 | D:7      | Reached skill level 1 in Shields
  7914 | D:7      | Reached XP level 10. HP: 91/91 MP: 9/9
  8326 | D:8      | Upgraded the game from 0.31-a0-1626-g5cb510d322 to
                  | 0.32-a0-7-ge934b4519a
  8326 | D:8      | magus.rc [v1.11.7]
  8416 | D:8      | Found a staircase to the Lair.
  8422 | D:8      | Reached skill level 2 in Shields
  8770 | D:8      | Found a snail-covered altar of Cheibriados.
  8911 | D:8      | Found a sacrificial altar of Ru.
  9224 | Lair:1   | Entered Level 1 of the Lair of Beasts
  9226 | Lair:1   | Noticed a boulder beetle
  9232 | Lair:1   | Found an ornate altar of the Wu Jian Council.
  9232 | Lair:1   | Found a hide-covered altar of Uskayaw.
  9235 | Lair:1   | Killed a boulder beetle
  9236 | Lair:1   | Reached skill level 10 in Fighting
  9236 | Lair:1   | Reached skill level 10 in Axes
  9236 | Lair:1   | Reached skill level 3 in Shields
  9236 | Lair:1   | Reached skill level 4 in Evocations
  9287 | Lair:1   | Noticed a cane toad
  9290 | Lair:1   | Killed a cane toad
  9291 | Lair:1   | Reached skill level 8 in Armour
  9311 | Lair:1   | Reached skill level 6 in Throwing
  9314 | Lair:1   | Reached XP level 11. HP: 101/101 MP: 10/10
  9386 | Lair:1   | Reached skill level 7 in Dodging
  9432 | Lair:1   | Reached skill level 4 in Shields
  9736 | Lair:1   | Reached skill level 11 in Fighting
  9741 | Lair:1   | Reached skill level 11 in Axes
 10536 | Lair:2   | Found a staircase to the Shoals.
 10753 | Lair:2   | Reached skill level 5 in Evocations
 11162 | Lair:2   | Reached skill level 9 in Armour
 11162 | Lair:2   | Reached skill level 5 in Shields
 11220 | Lair:2   | Noticed an oklob plant
 12426 | Lair:2   | Killed an oklob plant
 12427 | Lair:2   | Reached skill level 7 in Throwing
 12566 | Lair:3   | Reached XP level 12. HP: 96/112 MP: 11/11
 12811 | Lair:3   | Reached skill level 12 in Fighting
 12811 | Lair:3   | Reached skill level 12 in Axes
 12861 | Lair:3   | Reached skill level 8 in Dodging
 13214 | Lair:3   | Found a hole to the Spider Nest.
 13246 | Lair:3   | magus.rc [v1.11.7]
 13722 | Lair:3   | Reached skill level 6 in Shields
 15467 | Lair:4   | Reached skill level 6 in Evocations
 15850 | Lair:4   | Reached skill level 10 in Armour
 15854 | Lair:4   | Reached skill level 13 in Fighting
 15854 | Lair:4   | Reached skill level 13 in Axes
 15943 | Lair:4   | Noticed a death yak
 15943 | Lair:4   | Noticed a death yak
 15943 | Lair:4   | Noticed a death yak
 15959 | Lair:4   | Killed a death yak
 16123 | Lair:4   | Noticed a death yak
 16126 | Lair:4   | Killed a death yak
 16126 | Lair:4   | Noticed a death yak
 16133 | Lair:4   | Killed a death yak
 16139 | Lair:4   | Killed a death yak
 16140 | Lair:4   | Reached XP level 13. HP: 122/122 MP: 12/12
 16144 | Lair:4   | Reached skill level 8 in Throwing
 16144 | Lair:4   | Reached skill level 7 in Shields
 16791 | Lair:5   | Entered Level 5 of the Lair of Beasts
 16904 | Lair:5   | Reached skill level 9 in Dodging
 16976 | Lair:5   | Noticed Nessos
 16992 | Lair:5   | Killed Nessos
 17123 | Lair:5   | Reached **** piety under Trog
 17658 | Lair:5   | Reached skill level 14 in Fighting
 17658 | Lair:5   | Reached skill level 14 in Axes
 17738 | Lair:5   | L - quicksilver dragon scales {rare}
 17746 | Lair:5   | Reached skill level 8 in Shields
 17926 | Lair:5   | Reached skill level 7 in Evocations
 18096 | Lair:5   | Reached skill level 11 in Armour
 18146 | Lair:5   | Identified the +7 halberd "Suollat" {venom, Will+ Dex+4}
 18341 | Lair:5   | You finish putting on your quicksilver dragon scales
                  | {rare}.
 18355 | Lair:5   | Reached XP level 14. HP: 133/133 MP: 13/13
 19826 | D:9      | Reached skill level 9 in Throwing
 20100 | D:9      | Found a staircase to the Orcish Mines.
 20229 | D:9      | You fall into a shaft and drop 3 floors!
 20402 | D:12     | You finish taking off your quicksilver dragon scales
                  | {rare}.
 21758 | D:13     | Found an opulent altar of Gozag.
 21786 | D:13     | Reached skill level 10 in Dodging
 22161 | D:13     | Reached skill level 15 in Axes
 22368 | D:13     | Reached skill level 15 in Fighting
 22700 | D:13     | Reached skill level 9 in Shields
 22709 | D:13     | Found a gate to the Vaults.
 23077 | D:13     | You drop quicksilver dragon scales {rare}.
 23108 | D:13     | Identified the +12 short sword of Defilement {flame, rElec
                  | Dex+3 SInv}
 25478 | D:15     | Entered Level 15 of the Dungeon
 25726 | D:15     | Reached XP level 15. HP: 141/141 MP: 14/14
 25996 | D:15     | Reached skill level 8 in Evocations
 26014 | D:15     | Reached skill level 12 in Armour
 26249 | D:15     | Found a staircase to the Depths.
 27160 | D:15     | Found a portal to a secret trove of treasure.
 27382 | D:10     | Entered Level 10 of the Dungeon
 27382 | D:10     | Found Topuronatt's Magic Scroll Emporium.
 27382 | D:10     | Found Siusaklu's Antique Armour Emporium.
 27382 | D:10     | Found Mupuot's Antique Weapon Emporium.
 27385 | D:10     | Bought a scroll of identify for 24 gold pieces
 27394 | D:10     | Bought a scroll of teleportation for 36 gold pieces
 27394 | D:10     | Bought a scroll of revelation for 90 gold pieces
 27394 | D:10     | Bought a scroll of fog for 48 gold pieces
 27422 | D:11     | Found Mefa's Magic Scroll Shop.
 28335 | D:10     | Found a shadowy altar of Dithmenos.
 28727 | D:10     | Reached skill level 16 in Axes
 29516 | D:11     | Found Ifixat Hotsa's CLEARANCE SALE!.
 29596 | D:11     | Bought a scroll of butterflies for 24 gold pieces
 29596 | D:11     | Bought a scroll of immolation for 24 gold pieces
 30660 | D:9      | Reached skill level 16 in Fighting
 31042 | Orc:1    | Entered Level 1 of the Orcish Mines
 31057 | Orc:1    | Reached skill level 10 in Throwing
 31219 | Orc:2    | Entered Level 2 of the Orcish Mines
 31295 | Orc:2    | Found a runed translucent gate.
 31295 | Orc:2    | Found a runed translucent gate.
 31296 | Orc:2    | Noticed Laraso's ghost (journeyman DrHs)
 31303 | Orc:2    | Found a runed translucent gate.
 31477 | Orc:2    | Identified the +7 rapier of Ygheqeb {elec, rPois rCorr
                  | Str-4 Int+2}
 31501 | Orc:2    | Found a staircase to the Elven Halls.
 32375 | Orc:2    | Found an iron altar of Okawaru.
 32417 | Orc:2    | Reached skill level 10 in Shields
 32441 | Orc:2    | Reached skill level 11 in Dodging
 32864 | Orc:2    | Found Bafop's General Store.
 32864 | Orc:2    | Found Aqo Zuuptot's General Store.
 32866 | Orc:2    | Found Vomekk's Jewellery Shop.
 32866 | Orc:2    | Found Lum Joi's Armour Shoppe.
 32883 | Orc:2    | Bought a scroll of immolation for 60 gold pieces
 32888 | Orc:2    | Bought a phial of floods for 400 gold pieces
 33049 | Orc:2    | Killed Laraso's ghost
 33356 | Orc:2    | Bought a wand of flame (10) for 105 gold pieces
 33361 | Orc:2    | Bought a wand of flame (9) for 63 gold pieces
 33549 | Shoals:1 | Entered Level 1 of the Shoals
 33549 | Shoals:1 | Found a glacial archway.
 36959 | Shoals:3 | Identified the granite talisman of Resourcefulness {rF+
                  | Int+3 Dex+4}
 36959 | Shoals:3 | Noticed Roxanne
 37138 | Shoals:3 | Reached XP level 16. HP: 154/154 MP: 15/15
 37158 | Shoals:3 | Found a runed translucent door.
 37521 | Shoals:3 | Found a corrupted altar of Lugonu.
 37543 | Shoals:3 | Found a one-way gate to the infinite horrors of the Abyss.
 38212 | Shoals:3 | Reached skill level 17 in Axes
 38520 | Shoals:4 | Entered Level 4 of the Shoals
 38527 | Shoals:4 | Reached skill level 17 in Fighting
 39157 | Shoals:4 | Reached skill level 13 in Armour
 39158 | Shoals:4 | Reached skill level 9 in Evocations
 39570 | Shoals:4 | Reached skill level 11 in Shields
 39697 | Shoals:4 | HP: 27/155 [cloud of steam (28)]
 40134 | Shoals:4 | Reached skill level 11 in Throwing
 40513 | Shoals:4 | Got a barnacled rune of Zot
 41367 | Spider:1 | Entered Level 1 of the Spider Nest
 41530 | Spider:1 | Reached skill level 12 in Dodging
 42969 | Spider:2 | Reached skill level 18 in Axes
 42969 | Spider:2 | Reached XP level 17. HP: 117/163 MP: 16/16
 43137 | Spider:2 | Reached skill level 18 in Fighting
 44249 | Spider:3 | Noticed Azrael
 44267 | Spider:3 | Killed Azrael
 45905 | Spider:3 | Reached skill level 12 in Shields
 46123 | Spider:4 | Entered Level 4 of the Spider Nest
 46244 | Spider:4 | Reached skill level 14 in Armour
 46764 | Spider:4 | Reached skill level 10 in Evocations
 47481 | Spider:4 | HP: 38/166 [disintegration (61)]
 47483 | Spider:4 | Found the +5 glaive of the Guard {elec, spectral}
 48060 | Spider:4 | Reached skill level 19 in Axes
 48063 | Spider:4 | Reached skill level 19 in Fighting
 48107 | Spider:4 | Reached skill level 12 in Throwing
 48406 | Spider:4 | Reached XP level 18. HP: 158/176 MP: 17/17
 48455 | Spider:4 | Got a gossamer rune of Zot
 49167 | Vaults:1 | Entered Level 1 of the Vaults
 49650 | Vaults:1 | Reached skill level 13 in Dodging
 51995 | Vaults:2 | You fall into a shaft and drop 1 floor!
 52153 | Vaults:3 | Found Pesman's Antique Armour Emporium.
 52441 | Vaults:3 | Reached skill level 13 in Shields
 53245 | Vaults:3 | Found a huge runed translucent gate.
 53245 | Vaults:3 | Found a huge runed translucent gate.
 53245 | Vaults:3 | Found a huge runed translucent gate.
 53245 | Vaults:3 | Found a huge runed translucent gate.
 53245 | Vaults:3 | Found a huge runed translucent gate.
 53245 | Vaults:3 | Found a huge runed translucent gate.
 53245 | Vaults:3 | Found a huge runed translucent gate.
 53246 | Vaults:3 | Found a huge runed translucent gate.
 53246 | Vaults:3 | Found a huge runed translucent gate.
 53246 | Vaults:3 | Found a huge runed translucent gate.
 53246 | Vaults:3 | Found a huge runed translucent gate.
 53246 | Vaults:3 | Found a huge runed translucent gate.
 53247 | Vaults:3 | Found a huge runed translucent gate.
 53248 | Vaults:3 | Found a huge runed translucent gate.
 53249 | Vaults:3 | Found a huge runed translucent gate.
 53250 | Vaults:3 | Found a huge runed translucent gate.
 53251 | Vaults:3 | Found a huge runed translucent gate.
 53251 | Vaults:3 | Found a huge runed translucent gate.
 53255 | Vaults:3 | Found a huge runed translucent gate.
 53256 | Vaults:3 | Found a huge runed translucent gate.
 53257 | Vaults:3 | Found a huge runed translucent gate.
 53257 | Vaults:3 | Found a huge runed translucent gate.
 53259 | Vaults:3 | Found a huge runed translucent gate.
 53260 | Vaults:3 | Found a huge runed translucent gate.
 53261 | Vaults:3 | Found a huge runed translucent gate.
 53262 | Vaults:3 | Found a huge runed translucent gate.
 53262 | Vaults:3 | Found a huge runed translucent gate.
 53285 | Vaults:3 | Found a huge runed translucent gate.
 53286 | Vaults:3 | Found a huge runed translucent gate.
 53287 | Vaults:3 | Found a huge runed translucent gate.
 53287 | Vaults:3 | Found a huge runed translucent gate.
 53289 | Vaults:3 | Found a huge runed translucent gate.
 53290 | Vaults:3 | Found a huge runed translucent gate.
 53291 | Vaults:3 | Found a huge runed translucent gate.
 53292 | Vaults:3 | Found a huge runed translucent gate.
 53292 | Vaults:3 | Found a huge runed translucent gate.
 54414 | Vaults:2 | Reached skill level 15 in Armour
 54551 | Vaults:2 | Reached skill level 20 in Axes
 54554 | Vaults:2 | Reached skill level 20 in Fighting
 54805 | Vaults:2 | Reached XP level 19. HP: 180/185 MP: 18/18
 54845 | Vaults:2 | Reached skill level 11 in Evocations
 55217 | Vaults:2 | Identified the +1 falchion of War {drain, rPois Str+5}
 55361 | Vaults:2 | Found a staircase to the Crypt.
 55361 | Vaults:2 | Found a basalt altar of Yredelemnul.
 55362 | Vaults:2 | Found an ancient bone altar of Kikubaaqudgha.
 55441 | Vaults:2 | Reached skill level 13 in Throwing
 55828 | Vaults:4 | Found Lunwas's Jewellery Shop.
 56418 | Vaults:4 | Identified the +2 robe "Caudog" {Regen+ rCorr Int+3 Slay+2}
 56527 | Vaults:4 | Reached skill level 14 in Dodging
 57048 | Vaults:4 | Reached skill level 14 in Shields
 57590 | Vaults:2 | Reached skill level 1 in Polearms
 58018 | Depths:1 | Entered Level 1 of the Depths
 58160 | Depths:1 | Found a gateway to Hell.
 58303 | Depths:1 | Reached skill level 21 in Fighting
 58742 | Depths:1 | Reached skill level 2 in Polearms
 59107 | Depths:1 | Identified the ring "Kust" {rF+++ rC++ rN+ rCorr}
 59118 | Depths:1 | Identified the staff "Yddesi" {^Drain Int+6 Dex-3 Conj}
 59127 | Depths:1 | Upgraded the game from 0.32-a0-7-ge934b4519a to
                  | 0.32-a0-12-g7fc57aa741
 59127 | Depths:1 | magus.rc [v1.11.7]
 59232 | Depths:1 | Reached skill level 16 in Armour
 59286 | Depths:1 | Noticed a juggernaut
 59288 | Depths:1 | Noticed Oxzi's ghost (adept DEHW)
 59290 | Depths:1 | Found a transporter.
 59761 | Depths:1 | Found a transporter.
 59913 | Depths:1 | Reached skill level 3 in Polearms
 60073 | Depths:1 | Identified the ring of Zemof {rC+ rN+ Int-4 SInv}
 60074 | Depths:1 | magus.rc [v1.11.7]
 60238 | Depths:1 | HP: 40/189 [something (9)]
 60733 | Depths:2 | Reached XP level 20. HP: 198/198 MP: 19/19
 61515 | Depths:2 | Noticed an ancient lich
 61532 | Depths:2 | Killed an ancient lich
 61540 | Depths:2 | Reached skill level 4 in Polearms
 62215 | Depths:2 | Paralysed by a vampire knight for 4 turns
 62556 | Depths:2 | Found Xebbei's General Store.
 62572 | Depths:2 | Reached skill level 12 in Evocations
 62586 | Depths:2 | Bought a scroll of teleportation for 42 gold pieces
 62586 | Depths:2 | Bought a scroll of enchant armour for 105 gold pieces
 62586 | Depths:2 | Bought a wand of flame (8) for 78 gold pieces
 62587 | Depths:2 | Found a one-way gate leading to the halls of Pandemonium.
 62756 | Depths:2 | Reached skill level 5 in Polearms
 62876 | Depths:2 | Reached skill level 14 in Throwing
 62934 | Depths:2 | Reached skill level 22 in Fighting
 64243 | Depths:3 | Found a hazy altar of Hepliaklqana.
 64367 | Depths:3 | Reached skill level 15 in Dodging
 64367 | Depths:3 | Reached skill level 15 in Shields
 64885 | Depths:3 | Noticed Mara
 64890 | Depths:3 | Noticed indigowater's illusion
 64892 | Depths:3 | Killed Mara
 65822 | Depths:3 | Found a bloodstained altar of Trog.
 66110 | Depths:3 | Gained mutation: Your body sometimes deteriorates upon
                  | taking damage. [a shining eye]
 66113 | Depths:3 | Reached XP level 21. HP: 209/209 MP: 20/20
 66381 | Depths:3 | Upgraded the game from 0.32-a0-12-g7fc57aa741 to
                  | 0.32-a0-17-gb74e046682
 66381 | Depths:3 | magus.rc [v1.11.7]
 67313 | Depths:4 | Entered Level 4 of the Depths
 67696 | Depths:4 | Identified the scarf of Zyffa {harm, Regen+ rCorr}
 67786 | Depths:4 | Reached skill level 17 in Armour
 67926 | Depths:4 | Found a blossoming altar of Fedhas.
 68158 | Depths:4 | Noticed a golden dragon
 68296 | Depths:4 | Killed a golden dragon
 68447 | Depths:4 | Found a gate to the Realm of Zot.
 68764 | Depths:4 | Identified the ring of Hipuquim {Ice SInv}
 68764 | Depths:4 | Noticed Josephina
 68777 | Depths:4 | Killed Josephina
 69345 | Depths:4 | Found a one-way gateway to a ziggurat.
 70255 | Vaults:5 | Entered Level 5 of the Vaults
 70261 | Vaults:5 | Reached skill level 23 in Fighting
 70261 | Vaults:5 | Reached skill level 21 in Axes
 70751 | Vaults:5 | Identified the ring of Gehan {rF- rN+++ Str+6 Int+4}
 70795 | Vaults:5 | Reached ***** piety under Trog
 71138 | Vaults:5 | Paralysed by a sphinx for 4 turns
 71161 | Vaults:5 | Reached XP level 22. HP: 220/220 MP: 21/21
 71165 | Vaults:5 | Reached skill level 16 in Shields
 71396 | Vaults:5 | Reached skill level 13 in Evocations
 71723 | Vaults:5 | Reached skill level 15 in Throwing
 71759 | Vaults:5 | Noticed a dread lich
 71760 | Vaults:5 | Reached skill level 16 in Dodging
 71761 | Vaults:5 | Noticed a golden dragon
 71767 | Vaults:5 | Killed a dread lich
 71774 | Vaults:5 | Killed a golden dragon
 71774 | Vaults:5 | Identified +0 gold dragon scales
 71822 | Vaults:5 | +0 gold dragon scales {rare}; a golden dragon corpse
 72246 | Vaults:5 | Got a silver rune of Zot
 72412 | Vaults:5 | Noticed an ancient lich
 72419 | Vaults:5 | Killed an ancient lich
 72446 | Vaults:5 | Identified the amulet "Ygeisy" {Reflect Dex+2 SH+5}
 72665 | Vaults:5 | Noticed Jory
 72677 | Vaults:5 | Killed Jory
 73463 | Depths:4 | magus.rc [v1.11.7]
 73466 | Zot:1    | Entered Level 1 of the Realm of Zot
 73733 | Zot:1    | Noticed a golden dragon
 73749 | Zot:1    | Killed a golden dragon
 73918 | Zot:1    | magus.rc [v1.11.7]
 73918 | Zot:1    | magus.rc [v1.11.7]
 73969 | Zot:1    | Reached skill level 22 in Axes
 73979 | Zot:1    | Reached skill level 18 in Armour
 74502 | Zot:1    | Noticed Grunn
 74507 | Zot:1    | quicksilver dragon scales {rare}; a quicksilver dragon
                  | corpse
 74510 | Zot:1    | Killed Grunn
 74531 | Zot:1    | Reached skill level 24 in Fighting
 74540 | Zot:1    | HP: 46/222 [???[a doom hound] (35)]
 74790 | Zot:1    | quicksilver dragon scales {rare}; a quicksilver dragon
                  | skeleton
 74795 | Zot:1    | quicksilver dragon scales {rare}; a quicksilver dragon
                  | skeleton
 75582 | Zot:1    | +0 shadow dragon scales {rare}; a shadow dragon corpse
 75790 | Zot:1    | +0 shadow dragon scales {rare}; a shadow dragon skeleton
 76122 | Zot:2    | Noticed an electric golem
 76122 | Zot:2    | Noticed an orb of fire
 76131 | Zot:2    | Killed an electric golem
 76244 | Zot:2    | Killed an orb of fire
 76533 | Zot:2    | Reached XP level 23. HP: 229/229 MP: 22/22
 76579 | Zot:2    | HP: 51/229 [something (23)]
 76580 | Zot:2    | HP: 25/229 [something (13)]
 76580 | Zot:2    | HP: 3/229 [something (22)]
 76581 | Zot:2    | Demolished by a ghost moth

Vanquished Creatures
  2 ancient liches
  A dread lich (Vaults:5)
  Mara (Depths:3)
  An orb of fire (Zot:2)
  Josephina (Depths:4)
  3 golden dragons
  Jory (Vaults:5)
  3 doom hounds (Zot:1)
  An electric golem (Zot:2)
  A bone dragon (Zot:1)
  4 Tzitzimimeh (Zot:1)
  8 tentacled monstrosities
  A lich (Depths:4)
  2 titans (Vaults:5)
  2 quicksilver dragons (Zot:1)
  9 sphinxes
  Grunn (Zot:1)
  4 death cobs
  3 storm dragons
  5 tengu reavers
  3 shadow dragons
  6 protean progenitors
  A draconian monk (Depths:4)
  8 fire giants
  2 draconian shifters (Zot:1)
  2 draconian knights (Zot:1)
  3 ghost moths
  9 vault wardens
  7 emperor scorpions
  A balrug (Depths:1)
  3 iron dragons
  A draconian stormcaller (Zot:1)
  3 frost giants
  An orc warlord (Vaults:4)
  2 draconian scorchers
  20 very ugly things
  23 ironbound preservers
  7 spriggan defenders (Depths:2)
  8 stone giants
  A formless jellyfish (Vaults:2)
  4 vampire knights
  A green draconian (Zot:1)
  6 ironbound thunderhulks
  4 black draconians
  A deep elf death mage (Vaults:5)
  A white draconian (Depths:4)
  Azrael (Spider:3)
  Nessos (Lair:5)
  5 yellow draconians
  4 red draconians (Zot:1)
  16 spark wasps
  9 ettins
  A blizzard demon (Depths:1)
  7 dire elephants (Vaults:1)
  2 war gargoyles
  3 purple draconians (Zot:1)
  A crystal guardian (Vaults:4)
  5 fire dragons
  5 merfolk javelineers
  7 merfolk impalers
  2 jiangshi (Depths:2)
  13 yaktaur captains
  The ghost of Laraso the Marksdraconian, a journeyman DrHs of Zin (Orc:2)
  A deep elf high priest (Vaults:1)
  8 great orbs of eyes
  30 vault guards
  A hell beast (Depths:2)
  4 jorogumos (Spider:4)
  3 entropy weavers
  A quicksilver dragon zombie (D:15)
  3 peacekeepers
  An anaconda (Lair:4)
  3 merfolk avatars
  10 ice dragons
  A juggernaut simulacrum (Depths:4)
  3 rakshasas
  A caustic shrike simulacrum (Depths:4)
  4 ironbound frosthearts
  2 spriggan air magi (Depths:4)
  A catoblepas (D:13)
  4 boulder beetles
  A hydra (Lair:5)
  An alligator snapping turtle (Shoals:4)
  6 centaur warriors
  3 radroaches
  A sphinx skeleton (Depths:1)
  2 merfolk aquamancers (Shoals:4)
  An ogre mage (Vaults:5)
  A two-headed ogre (Orc:1)
  4 deep troll shamans
  A death knight (D:15)
  7 vampire magi
  2 deep troll earth magi
  A dancing weapon (Vaults:5)
  7 spriggan berserkers
  3 satyrs
  2 tengu warriors
  8 death yaks
  A hell hog (Depths:3)
  5 demonic crawlers
  3 orc high priests (Orc:2)
  6 occultists (Depths:3)
  2 soul eaters (Depths:3)
  7 hell knights (Depths:1)
  13 sun demons
  A skyshark (Lair:5)
  15 skeletal warriors
  4 pharaoh ants
  3 iron trolls
  2 skysharks (shapeshifter) (Vaults:5)
  A sixfirhy (Depths:3)
  A goliath frog (Lair:5)
  A shadow demon (Depths:3)
  9 orb spiders
  13 sea snakes
  44 deep trolls
  2 spark wasp zombies
  8 flayed ghosts (Depths:2)
  4 glowing orange brains
  A swamp dragon (shapeshifter) (Vaults:5)
  A golden dragon skeleton (Depths:2)
  7 arcanists
  12 orc knights
  14 ironbound convokers
  9 lindwurms
  6 phantasmal warriors
  9 steelbarb worms
  2 shining eyes
  A deep elf pyromancer (D:12)
  12 harpies
  4 orc sorcerers (Orc:2)
  21 wolf spiders
  6 fauns (Shoals:2)
  5 cyclopes
  8 necromancers
  Maurice (D:7)
  A faun (shapeshifter) (Vaults:5)
  2 oklob plants
  7 manticores
  A shadow dragon skeleton (Depths:2)
  27 ugly things
  A manticore (shapeshifter) (Vaults:5)
  3 meliai (Spider:2)
  A worldbinder (Shoals:3)
  15 vault sentinels
  A meliai (shapeshifter) (Vaults:5)
  5 elephants (Lair:5)
  8 moths of wrath
  2 merfolk sirens
  5 torpor snails
  3 apocalypse crabs (Shoals:3)
  A frost giant skeleton (Depths:2)
  8 water nymphs
  2 kobold blastminers (Orc:2)
  3 smoke demons
  12 black mambas
  A gargoyle (D:14)
  A storm dragon simulacrum (Depths:1)
  An unseen horror (D:10)
  A spark wasp simulacrum (Depths:1)
  25 cane toads
  5 rime drakes
  Jeremiah (D:7)
  9 komodo dragons
  A tormentor (Zot:1)
  27 yaktaurs
  A hellion (Depths:3)
  2 golden dragon simulacra
  4 ice devils (Depths:1)
  3 freezing wraiths
  5 tengu conjurers
  23 merfolk
  A queen bee (Spider:2)
  6 wind drakes
  An ancient zyme (Shoals:3)
  4 trolls
  A polar bear (Lair:3)
  24 tarantellas
  2 hornets (D:10)
  2 tyrant leeches (Lair:5)
  22 blink frogs
  9 snapping turtles
  11 dream sheep
  8 spriggan zombies
  A dream sheep (shapeshifter) (Depths:1)
  A stone giant simulacrum (Depths:1)
  A frost giant simulacrum (Depths:2)
  A merfolk zombie (Shoals:3)
  23 slime creatures
  20 jumping spiders
  29 culicivoras
  2 fire elementals (Spider:3)
  10 humans (D:13)
  7 wraiths
  4 wyverns
  3 basilisks
  12 water elementals
  60 yaks
  3 wargs (Orc:2)
  58 redbacks
  2 neqoxecs (Shoals:3)
  2 steam dragons
  11 vampire mosquitoes
  2 spatial vortices (Shoals:3)
  2 acid dragons
  17 water moccasins
  2 hell hounds (Spider:3)
  9 black bears
  21 orc warriors
  3 ogres
  6 boggarts (Vaults:1)
  10 centaurs
  6 wolves
  2 phantoms
  10 bullfrogs
  2 kobold brigands (D:7)
  2 gnoll sergeants
  4 scorpions
  A glowing shapeshifter simulacrum (Depths:4)
  16 wights
  17 killer bees
  2 electric eels
  8 howler monkeys
  A bombardier beetle (D:5)
  3 jellies
  Crazy Yiuf (D:7)
  2 gnoll boudas
  5 hounds
  17 orc priests
  A sleepcap (D:6)
  Jessica (D:3)
  5 iguanas
  Ijyb (D:5)
  30 orc wizards
  5 hell rats (Lair:5)
  Robin (D:3)
  33 gnolls
  6 adders
  A shadow imp (D:6)
  A white imp (D:6)
  2 dart slugs
  5 ribbon worms
  80 orcs
  6 endoplasms
  3 giant cockroaches (D:4)
  11 goblins
  4 hobgoblins
  13 jackals
  14 kobolds
  3 quokkas
  7 ball pythons
  5 bats
  3 frilled lizards
  7 rats
  3 aspiring fleshes
  16 butterflies (Vaults:3)
1658 creatures vanquished.

Vanquished Creatures (collateral kills)
  An emperor scorpion (Spider:4)
  A juggernaut zombie (Depths:2)
  A vault warden (Vaults:3)
  A vampire knight (Depths:1)
  A deep elf death mage (Vaults:5)
  An entropy weaver (Vaults:1)
  An ironbound frostheart (Vaults:1)
  A jorogumo (Spider:4)
  2 vault guards (D:13)
  A boulder beetle (Spider:1)
  2 demonic crawlers
  An orc high priest (Orc:2)
  A steelbarb worm (Spider:3)
  An orb spider (Spider:4)
  A necromancer (D:13)
  A merfolk siren (Shoals:4)
  A vault sentinel (Vaults:1)
  5 yaktaurs
  2 tarantellas (Spider:3)
  5 jumping spiders
  A culicivora (Spider:1)
  A yak (Lair:5)
  5 humans (D:13)
  3 redbacks
  3 boggarts (Vaults:1)
  2 orcs (Orc:2)
46 creatures vanquished.

Vanquished Creatures (others)
  A fire giant (Vaults:5)
  5 dream sheep (D:5)
  2 spriggans (Depths:3)
  18 spectral weapons
26 creatures vanquished.

Grand Total: 1730 creatures vanquished

Table legend:
 A = Non-vault XP
 B = Vault XP
 C = Vault XP percentage of total XP
 D = Non-vault monster count
 E = Vault monster count
 F = Vault count percentage of total count
                 A         B        C        D         E       F
            +---------+---------+-------+---------+---------+-------
      Total |  495582 |  347797 |  41.2 |    1108 |     578 |  34.3
            +---------+---------+-------+---------+---------+-------
        D:1 |      46 |       0 |   0.0 |      19 |       0 |   0.0
        D:2 |      64 |       0 |   0.0 |      17 |       0 |   0.0
        D:3 |      36 |      71 |  66.4 |      16 |      12 |  42.9
        D:4 |     517 |      39 |   7.0 |      18 |       6 |  25.0
        D:5 |     453 |     633 |  58.3 |       9 |      51 |  85.0
        D:6 |     718 |       0 |   0.0 |      16 |       0 |   0.0
        D:7 |    2128 |     959 |  31.1 |      47 |       3 |   6.0
        D:8 |    1569 |     523 |  25.0 |      19 |       9 |  32.1
        D:9 |    2662 |     379 |  12.5 |      35 |       8 |  18.6
       D:10 |    2452 |       0 |   0.0 |      25 |       0 |   0.0
       D:11 |    1684 |       0 |   0.0 |       9 |       0 |   0.0
       D:12 |    4503 |       0 |   0.0 |      25 |       0 |   0.0
       D:13 |    6191 |   10207 |  62.2 |      15 |      26 |  63.4
       D:14 |    9236 |       0 |   0.0 |      18 |       0 |   0.0
       D:15 |    7414 |    4833 |  39.5 |      14 |       7 |  33.3
     Lair:1 |    8177 |     840 |   9.3 |      37 |       1 |   2.6
     Lair:2 |    3624 |    1423 |  28.2 |      13 |       4 |  23.5
     Lair:3 |    6920 |    1947 |  22.0 |      25 |       6 |  19.4
     Lair:4 |    7406 |    4142 |  35.9 |      17 |      15 |  46.9
     Lair:5 |   15854 |   10639 |  40.2 |      52 |      32 |  38.1
   Shoals:1 |    6924 |       0 |   0.0 |      16 |       0 |   0.0
   Shoals:2 |    7905 |       0 |   0.0 |      16 |       0 |   0.0
   Shoals:3 |   10138 |    3643 |  26.4 |      21 |      11 |  34.4
   Shoals:4 |   11667 |   21094 |  64.4 |      28 |      34 |  54.8
   Spider:1 |   12305 |       0 |   0.0 |      34 |       0 |   0.0
   Spider:2 |   16501 |    2445 |  12.9 |      40 |      15 |  27.3
   Spider:3 |   18614 |    2005 |   9.7 |      51 |       6 |  10.5
   Spider:4 |   26475 |   17696 |  40.1 |      58 |      36 |  38.3
      Orc:1 |    1094 |       0 |   0.0 |       5 |       0 |   0.0
      Orc:2 |    3164 |   12736 |  80.1 |      25 |      38 |  60.3
   Vaults:1 |   21742 |   13384 |  38.1 |      33 |      24 |  42.1
   Vaults:2 |   33192 |   26260 |  44.2 |      49 |      30 |  38.0
   Vaults:3 |   16233 |    6776 |  29.4 |      24 |       9 |  27.3
   Vaults:4 |   27222 |    7281 |  21.1 |      44 |      11 |  20.0
   Vaults:5 |   28751 |   83464 |  74.4 |      40 |      72 |  64.3
   Depths:1 |   22057 |    7000 |  24.1 |      33 |      11 |  25.0
   Depths:2 |   35561 |   46302 |  56.6 |      42 |      47 |  52.8
   Depths:3 |   10125 |   32023 |  76.0 |       9 |      33 |  78.6
   Depths:4 |   31904 |   18934 |  37.2 |      34 |      16 |  32.0
      Zot:1 |   64173 |    8022 |  11.1 |      56 |       4 |   6.7
      Zot:2 |    8181 |    2097 |  20.4 |       4 |       1 |  20.0
            +---------+---------+-------+---------+---------+-------

Skill      XL: |  1  2  3  4  5  6  7  8  9 10 11 12 13 14 15 16 17 18 19 20 21 22 |
---------------+-------------------------------------------------------------------+-----
Fighting       | 4 5 6 7 9 10 11 13 14 15 16 17 19 20 21 22 23 24 | 24.2
Axes           | 4 5 6 7 9 10 11 13 14 15 16 18 19 20 21 22 | 22.4
Armour         | 3 4 5 6 7 8 9 10 11 12 13 14 15 16 17 18 | 18.2
Throwing       | 1 2 3 4 5 6 7 8 9 10 11 12 13 14 15 | 15.5
Dodging        | 3 4 5 6 7 8 9 10 11 12 13 14 15 16 | 16.5
Evocations     | 2 3 4 5 6 7 8 9 10 11 12 13 | 13.5
Shields        | 1 3 5 6 8 9 10 11 12 13 14 15 16 | 16.7
Polearms       | 3 5 |  5.7

Action                     |  1- 3 |  4- 6 |  7- 9 | 10-12 | 13-15 | 16-18 | 19-21 | 22-24 || total
---------------------------+-------+-------+-------+-------+-------+-------+-------+-------++-------
  Melee: Hand axe          |    51 |    94 |     7 |       |       |       |       |       ||   152
         Headbutt          |     8 |     7 |    40 |    95 |   173 |   176 |   294 |    91 ||   884
         War axe           |       |       |   206 |   352 |   824 |   840 |   254 |       ||  2476
         Punch             |       |       |     1 |       |       |       |       |       ||     1
         Broad axe         |       |       |       |       |       |       |   751 |   270 ||  1021
   Fire: Sling             |       |       |       |     4 |       |       |       |       ||     4
  Throw: Javelin           |     1 |    20 |    30 |    28 |    31 |    20 |       |       ||   130
         Dart              |       |     6 |     5 |    14 |   168 |   132 |    62 |       ||   387
         Stone             |       |     1 |     4 |       |       |       |       |       ||     5
         Throwing net      |       |       |     1 |     1 |     5 |       |     1 |       ||     8
         Boomerang         |       |       |       |    39 |    42 |    45 |    62 |    46 ||   234
 Invoke: Berserk           |     3 |     7 |    15 |    19 |    35 |    55 |    47 |    11 ||   192
         Trog's Hand       |       |     5 |     6 |    14 |    26 |    28 |    39 |    10 ||   128
         Brothers in Arms  |       |       |       |       |     7 |    12 |     9 |     4 ||    32
  Evoke: Wand              |       |       |     6 |     4 |     8 |    15 |     8 |       ||    41
         Phantom mirror    |       |       |       |       |     3 |     4 |     3 |     2 ||    12
         Box of beasts     |       |       |       |       |     2 |     5 |     1 |     1 ||     9
         Condenser vane    |       |       |       |       |       |     7 |     2 |     1 ||    10
         Phial of floods   |       |       |       |       |       |     2 |     3 |     1 ||     6
    Use: Scroll            |     4 |     4 |     5 |     9 |    18 |     9 |     9 |     5 ||    63
         Potion            |       |       |       |       |     1 |     5 |     7 |     3 ||    16
   Stab: Distracted        |       |       |       |       |     1 |     3 |    12 |     3 ||    19
         Invisible         |       |       |       |       |     1 |     1 |       |       ||     2
         Held in net/web   |       |       |       |       |     1 |       |     1 |       ||     2
 Armour: Animal skin       |    16 |       |       |       |       |       |       |       ||    16
         Plate armour      |    20 |    98 |   182 |   171 |   170 |   501 |   454 |   170 ||  1766
         Chain mail        |       |       |       |       |   202 |       |       |       ||   202
         Quicksilver drago |       |       |       |       |    31 |       |       |       ||    31
  Dodge: Dodged            |    21 |    30 |    75 |    60 |   291 |   342 |   282 |    97 ||  1198
         Repelled          |       |       |       |       |       |     1 |    10 |       ||    11
  Block: Other             |     6 |    17 |    21 |       |       |       |       |       ||    44
         Reflection        |       |     1 |     2 |     6 |     3 |       |       |       ||    12
         Kite shield       |       |       |    95 |   199 |   569 |   674 |   508 |   177 ||  2222
         Tower shield      |       |       |       |       |       |       |       |    17 ||    17

Illustrated notes

Table legend:
 A = Kills in this place as a percentage of kills in the entire game.
 B = Kills by you in this place as a percentage of kills by you in the entire game.
 C = Kills by friends in this place as a percentage of kills by friends in the entire game.
 D = Other kills in this place as a percentage of other kills in the entire game.
 E = Experience gained in this place as a percentage of experience gained in the entire game.
 F = Experience gained in this place divided by the number of levels of this place that you have seen.
                   A       B       C       D       E      F
               +-------+-------+-------+-------+-------+----------------------
         Total | 100.0 | 100.0 | 100.0 | 100.0 | 100.0 | 20570.2
       Dungeon |  25.1 |  25.4 |  17.4 |   0.0 |   6.8 | 3821.1
          Lair |  12.0 |  12.3 |   2.2 |   0.0 |   7.2 | 12194.4
        Shoals |   7.5 |   7.6 |   2.2 |   0.0 |   7.3 | 15342.8
   Spider Nest |  14.2 |  13.4 |  39.1 |  75.0 |  11.4 | 24010.2
  Orcish Mines |   4.0 |   4.0 |   6.5 |   0.0 |   2.0 | 8497.0
        Vaults |  19.9 |  19.7 |  28.3 |  25.0 |  31.3 | 52861.0
        Depths |  13.3 |  13.6 |   4.3 |   0.0 |  24.2 | 50976.5
           Zot |   3.9 |   4.0 |   0.0 |   0.0 |   9.8 | 41236.5
               +-------+-------+-------+-------+-------+----------------------

Table legend: (Time is in decaauts)
 A = Elapsed time spent in this place.
 B = Non-inter-level travel time spent in this place.
 C = Inter-level travel time spent in this place.
 D = Time resting spent in this place.
 E = Time spent auto-exploring this place.
 F = Levels seen in this place.
 G = Mean time per level.
                   A        B        C        D        E       F      G
               +--------+--------+--------+--------+--------+-----+--------+
         Total |  78303 |  63146 |  15157 |  30765 |  16812 |  41 | 1909.8 |
       Dungeon |  21426 |  17140 |   4286 |   5943 |   6579 |  15 | 1428.4 |
          Lair |  11157 |   9051 |   2106 |   4500 |   2223 |   5 | 2231.4 |
        Shoals |   8222 |   7129 |   1093 |   4411 |   1622 |   4 | 2055.5 |
   Spider Nest |   7623 |   6527 |   1096 |   3618 |   1543 |   4 | 1905.8 |
  Orcish Mines |   2404 |   2076 |    328 |   1056 |    329 |   2 | 1202.0 |
        Vaults |  12110 |   9642 |   2468 |   4081 |   2623 |   5 | 2422.0 |
        Depths |  12206 |   9456 |   2750 |   5587 |   1763 |   4 | 3051.5 |
           Zot |   3153 |   2127 |   1026 |   1567 |    127 |   2 | 1576.5 |
               +--------+--------+--------+--------+--------+-----+--------+

Top non-repeatable levels by time:
Depths:2: 3994 daAuts
Vaults:1: 3111 daAuts
Depths:1: 2909 daAuts
Depths:3: 2810 daAuts
   Zot:1: 2787 daAuts
  Lair:5: 2746 daAuts
  Lair:3: 2696 daAuts
Shoals:4: 2665 daAuts
Spider:4: 2662 daAuts
Shoals:3: 2516 daAuts
Depths:4: 2492 daAuts
Vaults:5: 2368 daAuts
Vaults:3: 2269 daAuts
Vaults:2: 2256 daAuts
   Orc:2: 2207 daAuts
